 Dungeon Crawl Stone Soup version 0.18.1-48-g4cf74bf (webtiles) character file.

1890 Joat the Insei (level 8, -7/67 HPs)
             Began as a White Draconian Transmuter on Aug 18, 2016.
             Was a Priest of Ru.
             Shot with an arrow by a centaur (8 damage)
             ... on level 7 of the Dungeon.
             The game lasted 00:45:00 (8177 turns).

Joat the Insei (White Draconian Transmuter)         Turns: 8177, Time: 00:45:01

Health: -7/67      AC:  7    Str: 13    XL:     8   Next: 92%
Magic:  12/12      EV: 29    Int: 20    God:    Ru [***...]
Gold:   216        SH:  0    Dex: 22    Spells: 3 memorised, 5 levels left

rFire  . . .     SeeInvis .       - Unarmed
rCold  . . .     Gourm    .     (armour unavailable)
rNeg   . . .     Faith    .     (shield currently unavailable)
rPois  x         Spirit   .     (helmet currently unavailable)
rElec  .         Dismiss  .     (cloak currently unavailable)
rCorr  .         Reflect  .     (gloves currently unavailable)
SustAt .         Harm     .     (boots currently unavailable)
MR     .....                    (no amulet)
Stlth  +++.......               (no ring)
                                n - +5 ring of protection

@: brilliant, agile, lethally poisoned (-7 -> -11), exhausted, spider-form,
drained, not resistant to hostile enchantments, fairly stealthy
A: (breathe frost), unfitting armour, blurry vision 1, clever 1, clumsy 1, (cold
resistance 0), sense surroundings 1, wild magic 1, (cold-blooded), inability to
use devices, AC +6
a: End Transformation, Draw Out Power, Renounce Religion


You were on level 7 of the Dungeon.
You worshipped Ru.
Ru was most pleased with you.
You were not hungry.
You were a venomous arachnid creature.
You visited 2 branches of the dungeon, and saw 8 of its levels.

You collected 216 gold pieces.

Inventory:

Missiles
 a - 48 arrows
 l - 3 curare-tipped needles
Armour
 u - a cursed +0 buckler
Jewellery
 n - a +5 ring of protection (left front leg)
Scrolls
 d - 5 scrolls of remove curse
 e - 2 scrolls of magic mapping
 g - a scroll of amnesia
 k - a scroll of identify
Potions
 q - 2 potions of might
 r - a potion of flight
Books
 b - a book of Changes

   Spells                             Type                      Level
   a - Beastly Appendage              Transmutation                1
   b - Sticks to Snakes               Transmutation                2
   c - Spider Form                    Transmutation/Poison         3
   d - Ice Form                       Ice/Transmutation            4
   e - Blade Hands                    Transmutation                5
 f - a book of Death

   Spells                             Type                      Level
   a - Corpse Rot                     Necromancy                   2
   b - Sublimation of Blood           Necromancy                   2
   c - Agony                          Necromancy                   5
   d - Dispel Undead                  Necromancy                   5
   e - Excruciating Wounds            Charms/Necromancy            5
   f - Bolt of Draining               Conjuration/Necromancy       5
Comestibles
 c - 6 bread rations
 p - 4 meat rations
 s - a beef jerky
 v - a royal jelly


   Skills:
 + Level 4.9(4.6) Fighting
 + Level 4.5(4.2) Dodging
 + Level 2.1(1.8) Shields
 * Level 7.3(7.0) Unarmed Combat
 + Level 3.3(3.0) Spellcasting
 + Level 4.4(4.1) Transmutations
 + Level 0.2(0.0) Ice Magic
 + Level 3.6(3.3) Poison Magic


You had 5 spell levels left.
You knew the following spells:

 Your Spells              Type           Power        Failure   Level  Hunger
a - Ice Form              Ice/Trmt       ####....     22%         4    ####...
q - Beastly Appendage     Trmt           #####.       1%          1    None
v - Spider Form           Trmt/Pois      #####.....   4%          3    ###....


Dungeon Overview and Level Annotations

Branches:
Dungeon (7/15)             Temple (1/1) D:5

Altars:
Cheibriados
Dithmenos
Elyvilon
Fedhas
Gozag
Kikubaaqudgha
Makhleb
Nemelex Xobeh
Okawaru
Pakellas
Qazlal
Ru
Sif Muna
Trog
Vehumet
Xom
Yredelemnul
Zin
The Shining One

Annotations:
D:4 UnlimitedFusion's ghost, novice FoFi
D:6 Pikel


Innate Abilities, Weirdness & Mutations

((You can breathe waves of freezing cold.))
((You can buffet flying creatures when you breathe cold.))
((Your icy white scales are hard (AC +6).))
Your body does not fit into most forms of armour.
((Your flesh is cold resistant.))
((You are cold-blooded and may be slowed by cold attacks.))
You cannot study or use magical devices.
Scrolls take you a little longer to read.
Your mind is acute. (Int +2)
You are clumsy. (Dex -2)
You passively map a small area around you.
Your spells are a little harder to cast, but a little more powerful.


Message History

Unknown command.
* * * LOW HITPOINT WARNING * * *
You feel sick.
The centaur is stunned by your will and fails to attack.
Unknown command.
Unknown command.
Unknown command.
Unknown command.
Unknown command.
Unknown command.
Unknown command.
Unknown command.
Unknown command.
You're too exhausted to draw out your power.
Drink which item? (? for menu, Esc to quit)
You feel extremely strange.
Your vision blurs.
You feel clumsy.
* * * LOW HITPOINT WARNING * * *
You feel sick.
The centaur shoots an arrow.
The arrow hits you!
You die...

....รท , #....#.... ,
#.... ** * ##....##... * ,
*#>..####+####.....##... ,
, #....#.............#...
,,#....#.............#...
, ,,
#....+.............#... ,
#....#.............#... ,*
##'###..(###....####...
##.((##s..###....####...
+..o.oo.................
,#.....c.................
, #.......................
*,
#....##.####...####.....
#....##.####...####.[... ,
,................#........
,
.................#........
,
.................'........


You could see a centaur, 2 orc priests and an orc.

Vanquished Creatures
  The ghost of Joat the Sneak, a novice OpEE (D:6)
  Eustachio (D:6)
  An orc warrior (D:7)
  3 slaves (D:6)
  A phantom (D:6)
  A giant frog (D:7)
  A scorpion (D:6)
  4 killer bees
  6 wights
  2 howler monkeys
  2 crimson imps (D:6)
  A centaur zombie (D:7)
  2 hounds
  2 orc priests
  3 worker ants (D:4)
  3 orc wizards
  4 gnolls (D:7)
  6 adders
  A shadow imp (D:5)
  An ooze (D:2)
  2 worms
  4 dart slugs
  5 giant geckos
  26 orcs
  4 giant cockroaches
  7 goblins
  2 hobgoblins
  5 jackals
  3 quokkas
  A ball python (D:3)
  8 bats
  A giant gecko skeleton (D:4)
  A giant gecko zombie (D:6)
  3 giant newts
  8 kobolds
  9 rats
  3 bushes (D:1)
  3 butterflies (D:5)
  A plant (D:1)
142 creatures vanquished.

Notes
Turn   | Place    | Note
--------------------------------------------------------------
     0 | D:1      | Joat the Draconian Transmuter began the quest for the Orb.
     0 | D:1      | Reached XP level 1. HP: 16/16 MP: 3/3
   155 | D:1      | Found a sparkling altar of Nemelex Xobeh.
   299 | D:1      | Reached XP level 2. HP: 22/23 MP: 5/5
  1627 | D:2      | Reached XP level 3. HP: 17/28 MP: 6/6
  2686 | D:3      | Reached XP level 4. HP: 32/37 MP: 7/7
  2821 | D:3      | Gained mutation: Your spells are a little harder to cast, but a little more powerful. [potion of beneficial mutation]
  2822 | D:3      | Gained mutation: Your mind is acute. (Int +2) [potion of beneficial mutation]
  2827 | D:3      | Learned a level 3 spell: Spider Form
  3007 | D:3      | Reached skill level 4 in Unarmed Combat
  3669 | D:3      | Reached skill level 1 in Poison Magic
  3669 | D:3      | Reached XP level 5. HP: 27/42 MP: 2/8
  4171 | D:4      | Reached XP level 6. HP: 39/51 MP: 9/9
  4375 | D:4      | Reached skill level 5 in Unarmed Combat
  4430 | D:4      | Noticed UnlimitedFusion's ghost (novice FoFi)
  5011 | D:5      | Entered Level 5 of the Dungeon
  5012 | D:5      | Found a basalt altar of Yredelemnul.
  5082 | D:5      | Found a sacrificial altar of Ru.
  5177 | D:5      | Became a worshipper of Ru the Awakened
  5210 | D:5      | Found a staircase to the Ecumenical Temple.
  5427 | D:5      | Gained mutation: You passively map a small area around you. [potion of beneficial mutation]
  5482 | D:5      | Found an ancient bone altar of Kikubaaqudgha.
  5609 | D:5      | Found a radiant altar of Vehumet.
  5656 | D:5      | Found an oddly glowing altar of Pakellas.
  5712 | D:5      | Found a white marble altar of Elyvilon.
  5868 | D:6      | Noticed Joat's ghost (novice OpEE)
  5985 | D:6      | Killed Joat's ghost
  5985 | D:6      | Reached skill level 6 in Unarmed Combat
  5985 | D:6      | Your scales start taking on an icy white colour.
  5985 | D:6      | Reached XP level 7. HP: 56/59 MP: 10/10
  5985 | D:6      | Gained mutation: Your flesh is cold resistant. [White Draconian growth]
  6072 | Temple   | Entered the Ecumenical Temple
  6295 | D:4      | HP: 1/59 [UnlimitedFusion's ghost (13)]
  6674 | D:6      | Noticed Eustachio
  6690 | D:6      | Killed Eustachio
  6690 | D:6      | Reached XP level 8. HP: 64/66 MP: 8/11
  7046 | D:6      | Gained mutation: You cannot study or use magical devices. [Ru sacrifice]
  7046 | D:6      | Reached * piety under Ru
  7046 | D:6      | Reached ** piety under Ru
  7046 | D:6      | Reached *** piety under Ru
  7263 | D:6      | Noticed Pikel
  7321 | D:6      | Reached skill level 1 in Shields
  7486 | D:7      | Found a shimmering altar of Xom.
  7489 | D:7      | Noticed an angel
  7492 | D:7      | Found a glowing silver altar of Zin.
  7508 | D:7      | Reached skill level 7 in Unarmed Combat
  7749 | D:7      | Learned a level 4 spell: Ice Form
  8175 | D:7      | HP: 3/67 [orc priest/divine providence (15)]
  8177 | D:7      | Gained mutation: Scrolls take you a little longer to read. [potion of mutation]
  8177 | D:7      | Gained mutation: You are clumsy. (Dex -2) [potion of mutation]
  8177 | D:7      | HP: 1/67 [poisoned by a killer bee]
  8177 | D:7      | Shot with an arrow by a centaur

Skill      XL: |  1  2  3  4  5  6  7  8 |
---------------+-------------------------+-----
Dodging        | 2 3 4 |  4.5
Fighting       | 2 3 4 |  4.9
Unarmed Combat | 4 6 7 |  7.3
Poison Magic   | 1 2 3 |  3.6
Transmutations | 3 4 |  4.4
Shields        | 2 |  2.1
Spellcasting   | 3 |  3.3
Ice Magic      | |  0.2

Action                   |  1- 3 |  4- 6 |  7- 9 || total
-------------------------+-------+-------+-------++-------
Melee: Unarmed           |   730 |   335 |   245 ||  1310
       Tailslap          |   133 |    27 |    11 ||   171
       Punch             |    24 |     5 |     1 ||    30
       Kick              |     7 |    20 |     5 ||    32
       Headbutt          |       |     9 |       ||     9
 Cast: Beastly Appendage |     2 |    12 |     1 ||    15
       Spider Form       |       |     1 |    13 ||    14
Invok: Draw Out Power    |       |       |     2 ||     2
       Sacrifice Artific |       |       |     1 ||     1
 Abil: Breathe Frost     |       |       |     3 ||     3
       End Transformatio |       |       |     1 ||     1
  Use: Scroll            |       |    15 |     5 ||    20
       Potion            |       |     5 |     9 ||    14
 Stab: Sleeping          |     1 |     1 |       ||     2
       Invisible         |       |       |     3 ||     3
  Eat: Chunk             |     6 |    11 |    10 ||    27
       Pizza             |     1 |       |       ||     1
Armor: Skin              |    46 |   101 |    65 ||   212
Dodge: Dodged            |    93 |   193 |   210 ||   496
